AoeStats
← Matze91

Lombardia

509853204Analyzed
4v4 RM · 4d ago on Sep 28, 2026· 59m 43s· 8 players
Game mode
Random Map
Map size
Large (8 player)
Population
200
Speed
Normal
Resources
Standard
Victory
Conquest
Starting age
Dark Age
Ending age
Imperial Age
RankedLock teamsTeams togetherTeam positionsShared explorationLock speedFull tech treeHidden civsTurbo modeCheats
Victory
Defeat
🇩🇪 Varangians · Germany
923
+14
🇺🇿 Celts · Uzbekistan
899
+15
🇳🇱 Poles · Netherlands
841
+17
🇪🇸 Spanish · Spain
826
+18
🇹🇼 Magyars · Taiwan
912
-18
🇹🇼 Saxons · Taiwan
886
-17
🇹🇼 Varangians · Taiwan
855
-15
🇨🇳 Spanish · China
834
-14
明天早餐吃甚麼
5:20 Loom
10:12 Feudal Age
15:08 Castle Age
14:00 Double-Bit Axe
14:23 Horse Collar
17:26 Bow Saw
17:57 Heavy Plow
24:22 Gold Mining
24:23 Stone Mining
27:42 Wheelbarrow
27:48 Caravan
28:07 Scale Mail Armor
31:47 Imperial Age
31:55 Imperial Age
30:24 Hand Cart
31:09 Chain Mail Armor
31:40 Town Watch
31:56 Gambesons
32:11 Squires
31:57 Arson
34:52 Elite Varangian Guard
36:16 Fletching
37:17 Conscription
37:10 Crossbowman
37:26 Heavy Mounted Crossbowman
37:26 Cranequins
40:11 Bodkin Arrow
40:17 Padded Archer Armor
40:49 Crop Rotation
45:03 Bracer
45:19 Leather Archer Armor
44:47 Elite Skirmisher
47:15 Elite Skirmisher
48:17 Town Patrol
47:49 Elite Skirmisher
50:58 Pikeman
53:22 Two-Man Saw
51:54 Halberdier
xxxHANxxx
8:52 Loom
12:19 Feudal Age
14:38 Wheelbarrow
16:52 Castle Age
15:55 Double-Bit Axe
17:08 Horse Collar
20:34 Squires
20:39 Scale Mail Armor
20:50 Scale Mail Armor
23:32 Bow Saw
23:20 Gambesons
26:21 Heavy Plow
30:04 Hand Cart
29:36 Town Watch
30:16 Forging
30:23 Chain Mail Armor
30:49 Caravan
35:26 Imperial Age
34:55 Iron Casting
36:34 Gothikon
36:46 Elite Jarl
38:04 Plate Mail Armor
38:35 Blast Furnace
37:46 Elite Varangian Guard
39:29 Crop Rotation
39:33 Stone Mining
39:34 Gold Mining
45:43 Scale Barding Armor
46:59 Chain Barding Armor
46:04 Vendel Legacy
47:20 Cavalier
48:01 Husbandry
48:38 Bloodlines
49:12 Plate Barding Armor
噴射大肉G
11:13 Feudal Age
17:29 Castle Age
15:25 Double-Bit Axe
15:24 Horse Collar
15:38 Gold Mining
23:19 Wheelbarrow
25:39 Loom
26:42 Gold Shaft Mining
27:18 Husbandry
27:28 Bloodlines
27:25 Town Watch
27:57 Fletching
28:16 Thumb Ring
31:19 Bow Saw
34:22 Imperial Age
32:16 Scale Barding Armor
32:08 Bodkin Arrow
34:24 Heavy Cavalry Archer
35:30 Parthian Tactics
35:15 Bracer
35:18 Padded Archer Armor
35:48 Ballistics
35:49 Hand Cart
37:33 Chemistry
36:45 Heavy Plow
37:20 Chain Barding Armor
37:16 Leather Archer Armor
37:42 Caravan
40:43 Ring Archer Armor
40:48 Plate Barding Armor
39:59 Treadmill Crane
40:13 Stone Mining
40:30 Town Patrol
42:33 Conscription
42:25 Recurve Bow
42:47 Conscription
42:37 Corvinian Army
42:13 Elite Magyar Huszar
44:48 Crop Rotation
45:37 Two-Man Saw
49:39 Masonry
49:35 Siege Engineers
53:32 Hoardings
Saeed
4:09 Loom
7:16 Loom
9:44 Feudal Age
10:25 Double-Bit Axe
11:23 Wheelbarrow
13:53 Town Watch
16:23 Castle Age
15:51 Stone Mining
15:53 Horse Collar
26:27 Heavy Plow
26:51 Gold Mining
29:19 Hand Cart
31:05 Husbandry
31:58 Bloodlines
33:53 Caravan
36:27 Imperial Age
34:17 Light Cavalry
35:07 Padded Archer Armor
35:12 Scale Barding Armor
35:18 Forging
36:21 Leather Archer Armor
35:56 Fletching
37:01 Cavalier
38:05 Chain Barding Armor
38:21 Iron Casting
38:09 Conscription
37:45 Pikeman
38:26 Squires
39:33 Bow Saw
39:22 Capped Ram
40:38 Ring Archer Armor
40:22 Gambesons
40:23 Arson
43:05 Bodkin Arrow
44:11 Blast Furnace
46:12 Ballistics
45:56 Bracer
46:32 Plate Barding Armor
48:27 Two-Man Saw
48:36 Scale Mail Armor
48:30 Elite Conquistador
48:37 Man-at-Arms
52:16 Long Swordsman
52:55 Paladin
53:01 Paladin
55:11 Chain Mail Armor
54:57 Halberdier
58:03 Chemistry
57:14 Fortified Wall
57:15 Masonry
Kaparso
12:20 Feudal Age
17:31 Castle Age
19:24 Double-Bit Axe
20:27 Bow Saw
20:00 Horse Collar
20:09 Loom
22:01 Town Watch
26:01 Wheelbarrow
29:36 Imperial Age
28:31 Ballistics
28:14 Murder Holes
29:12 Fortified Wall
31:29 Conscription
32:02 Bloodlines
31:52 Husbandry
32:30 Elite Conquistador
34:31 Caravan
43:10 Cavalier
47:53 Fletching
48:04 Padded Archer Armor
51:04 Hand Cart
NewTrinity78
3:05 Loom
11:27 Feudal Age
12:07 Double-Bit Axe
12:06 Horse Collar
19:28 Castle Age
22:33 Szlachta Privileges
22:38 Scale Barding Armor
23:16 Bloodlines
24:26 Arson
28:04 Heavy Plow
28:25 Bow Saw
28:31 Husbandry
30:19 Chain Barding Armor
31:28 Wheelbarrow
30:39 Man-at-Arms
31:20 Squires
34:10 Imperial Age
34:51 Forging
34:41 Scale Mail Armor
34:32 Fletching
35:06 Cavalier
37:38 Iron Casting
36:57 Light Cavalry
38:07 Man-at-Arms
38:47 Squires
38:41 Winged Hussar
39:45 Conscription
39:11 Long Swordsman
40:41 Two-Handed Swordsman
42:33 Champion
46:42 Blast Furnace
45:57 Chain Mail Armor
46:46 Chemistry
48:09 Thumb Ring
50:14 Crop Rotation
50:02 Fortified Wall
50:34 Caravan
55:50 Hand Cart
60:10 Padded Archer Armor
Matze91
3:41 Loom
10:34 Feudal Age
11:50 Horse Collar
14:45 Castle Age
12:34 Double-Bit Axe
15:50 Heavy Plow
16:30 Bow Saw
20:39 Wheelbarrow
22:03 Scale Mail Armor
23:33 Gold Mining
23:53 Squires
23:38 Gambesons
24:22 Forging
26:46 Caravan
27:15 Chain Mail Armor
28:47 Iron Casting
30:08 Town Watch
35:36 Imperial Age
33:59 Town Patrol
34:57 Arson
37:14 Plate Mail Armor
38:14 Blast Furnace
37:04 Fletching
37:40 Padded Archer Armor
38:45 Crop Rotation
39:05 Elite Varangian Guard
40:23 Bodkin Arrow
40:53 Ballistics
41:35 Chemistry
41:54 Two-Man Saw
42:18 Conscription
45:56 Devotion
47:38 Gothikon
47:41 Elite Jarl
51:19 Husbandry
51:37 Bloodlines
54:47 Scale Barding Armor
54:43 Bracer
54:59 Leather Archer Armor
55:36 Light Cavalry
58:53 Siege Engineers
58:26 Pikeman
Darth Vader
11:03 Feudal Age
12:06 Double-Bit Axe
13:01 Wheelbarrow
18:50 Castle Age
20:37 Bow Saw
20:09 Horse Collar
22:13 Heavy Plow
22:59 Town Watch
31:37 Imperial Age
30:43 Hand Cart
33:30 Gold Mining
35:46 Ballistics
35:38 Fortified Wall
35:25 Murder Holes
36:17 Gold Shaft Mining
35:35 Stone Mining
35:25 Onager
37:04 Town Patrol
37:32 Capped Ram
38:37 Conscription
37:54 Capped Ram
39:47 Stone Shaft Mining
40:17 Gambesons
42:01 Chemistry
40:58 Fletching
41:20 Forging
41:35 Elite Woad Raider
43:18 Caravan
43:49 Herbal Medicine
43:57 Husbandry
44:24 Furor Celtica
47:04 Scale Mail Armor
48:43 Siege Onager
52:07 Chain Mail Armor
52:29 Iron Casting
51:41 Arson
53:13 Pikeman
54:09 Siege Engineers
Connection lost

Rejoining the realm…

Still unreachable

The connection could not be restored.

Session expired

The server has moved on; the page needs a fresh start.